 Dungeon Crawl Stone Soup version 0.27.0-1-g7a089689b8 (webtiles) character file.

Game seed: 2923115399289151874

4947 Lochraine the Fighter (level 10, -10/90 HPs)
             Began as a Minotaur Monk on Aug 11, 2021.
             Was an Elder of Dithmenos.
             Mangled by a centaur warrior (15 damage)
             ... on level 8 of the Dungeon.
             The game lasted 00:17:35 (9092 turns).

Lochraine the Fighter (Minotaur Monk)               Turns: 9092, Time: 00:17:35

Health: -10/90     AC:  6    Str: 18 (21) XL:     10   Next: 28%
Magic:  13/13      EV: 16    Int:  6 (7)  God:    Dithmenos [****..]
Gold:   432        SH:  0    Dex: 17 (19) Spells: 9/9 levels left

rFire    + . .     SeeInvis +   R - +3 long sword (elec)
rCold    + . .     Faith    .   (no shield)
rNeg     + . .     Spirit   .   V - +0 leather armour of Autotheism {Fly Str-3 Dex+4}
rPois    .         Reflect  .   (helmet restricted)
rElec    .         Harm     .   g - scarf {rC+ rF+}
rCorr    .         Rampage  .   (no gloves)
Will     +....                  L - +1 pair of boots
Stlth    ++++......             (no amulet)
HPRegen  0.25/turn              q - ring "Buvus" {rN+ Str+7 SInv}
MPRegen  0.13/turn              Q - ring of willpower

@: attractive, flying, hasted, wreathed by umbra, very quick
A: horns 2, retaliatory headbutt
a: Renounce Religion, Shadow Step


You were on level 8 of the Dungeon.
You worshipped Dithmenos.
Dithmenos was greatly pleased with you.
You visited 1 branch of the dungeon, and saw 8 of its levels.
You also visited: Ossuary.

You collected 461 gold pieces.
You spent 29 gold pieces at shops.

Inventory:

Hand Weapons
 a - a +0 hand axe
 j - the +2 mace of Gravity {pain, rElec rPois rF- Stlth+}
   (You found it on level 6 of the Dungeon)

   In the hands of one skilled in necromantic magic, it inflicts extra damage on
   living creatures.
   rF:        It makes you vulnerable to fire.
   rElec:     It insulates you from electricity.
   rPois:     It protects you from poison.
   Stlth:     It makes you more stealthy.
 K - a +0 dagger of venom
   (You took it off an orc priest on level 6 of the Dungeon)
 N - a +0 dire flail of protection
   (You took it off Edmund on level 6 of the Dungeon)
 R - a +3 long sword of electrocution (weapon)
   (You found it on level 6 of the Dungeon)
Missiles
 f - 5 throwing nets (quivered) {!f}
Armour
 b - a +0 robe
 e - a +0 ring mail
   (You found it on level 1 of the Dungeon)
 g - a scarf of resistance (worn)
   (You found it on level 2 of the Dungeon)
 k - a scarf of invisibility
   (You found it on level 3 of the Dungeon)
 L - a +1 pair of boots (worn)
   (You found it on level 6 of the Dungeon)
 P - the +0 ring mail of Omission {MP+9 Str+4 Dex-4}
   (You took it off an orc on level 6 of the Dungeon)

   Str:       It affects your strength (+4).
   Dex:       It affects your dexterity (-4).
   MP:        It affects your magic capacity (+9).
 V - the +0 leather armour of Autotheism (worn) {Fly Str-3 Dex+4}
   (You found it on level 8 of the Dungeon)

   Str:       It affects your strength (-3).
   Dex:       It affects your dexterity (+4).
   Fly:       It grants you flight.
Jewellery
 i - a ring of poison resistance
   (You found it on level 2 of the Dungeon)
 q - the ring "Buvus" (left hand) {rN+ Str+7 SInv}
   (You found it on level 7 of the Dungeon)

   [ring of positive energy]

   Str:       It affects your strength (+7).
   rN:        It protects you from negative energy.
   SInv:      It lets you see invisible.
 y - a ring of fire
   (You found it in an ossuary)
 A - a ring of protection from fire
   (You found it in an ossuary)
 E - a ring of protection from cold
   (You found it in an ossuary)
 Q - a ring of willpower (right hand)
   (You found it on level 6 of the Dungeon)
Wands
 d - a wand of iceblast (6)
   (You found it on level 7 of the Dungeon)
 t - a wand of flame (29)
   (You found it on level 4 of the Dungeon)
 u - a wand of paralysis (11)
   (You found it on level 8 of the Dungeon)
 x - a wand of acid (6)
   (You found it on level 5 of the Dungeon)
Scrolls
 c - 7 scrolls of identify {@r1}
 m - 3 scrolls of enchant armour {unknown}
 o - 2 scrolls of amnesia
 r - a scroll of blinking
 v - a scroll of enchant weapon
 w - a scroll of summoning {unknown}
 B - a scroll of immolation {!r}
 C - a scroll of torment {unknown}
 D - 3 scrolls of magic mapping {unknown}
 F - a scroll of fog {unknown}
 I - a scroll of fear {unknown}
 M - a scroll of noise {unknown}
 O - a scroll of silence {unknown}
Potions
 h - a potion of haste {@q3}
 l - 4 potions of attraction {!q}
 n - a potion of degeneration {!q}
 p - 3 potions of curing {@q1}
 s - 2 potions of ambrosia {unknown}
 z - a potion of resistance {unknown}
 G - a potion of magic {unknown}
 H - a potion of cancellation {unknown}
 J - 3 potions of lignification {!q}
 S - a potion of heal wounds {unknown}
 T - 6 potions of flight
 U - a potion of brilliance {unknown}
 W - a potion of might


   Skills:
 + Level 8.6 Fighting
 * Level 6.0 Long Blades
 - Level 7.4 Axes
 + Level 5.9 Armour
 + Level 7.8 Dodging
 + Level 5.4 Stealth
 + Level 5.5 Invocations


You had 9 spell levels left.
You didn't know any spells.
Your spell library contained the following spells:

 Spells                   Type           Power      Damage    Failure   Level
 Animate Skeleton         Necr           0%         N/A       50%         1
 Apportation              Tloc           0%         N/A       50%         1
 Corona                   Hex            0%         N/A       50%         1
 Magic Dart               Conj           0%         1d3       50%         1
 Pain                     Necr           0%         1d4       50%         1
 Summon Small Mammal      Summ           0%         N/A       50%         1
 Call Imp                 Summ           0%         N/A       65%         2
 Corpse Rot               Necr/Air       N/A        N/A       65%         2
 Poisonous Vapours        Pois/Air       0%         N/A       65%         2
 Static Discharge         Conj/Air       0%         N/A       65%         2
 Mephitic Cloud           Conj/Pois/Air  0%         N/A       86%         3
 Dispel Undead            Necr           0%         3d6       99%         4
 Sticky Flame             Conj/Fire      0%         2d3       99%         4
 Agony                    Necr           0%         N/A       100%        5
 Excruciating Wounds      Necr           0%         N/A       100%        5
 Freezing Cloud           Conj/Ice/Air   0%         6-21      100%        5


Dungeon Overview and Level Annotations

Branches:
Dungeon (8/15)             Temple (0/1) D:6         Ossuary (visited)
   Lair: D:8-11

Altars:
Dithmenos
Elyvilon
Trog

Shops:
D:5 (*(:   D:7 (   D:8 *

Annotations:
D:4 Pikel
D:8 2 runed translucent doors


Innate Abilities, Weirdness & Mutations

You have a pair of horns on your head.
You reflexively headbutt those who attack you in melee.


Message History

The centaur warrior barely misses you.
You hit the centaur warrior.
Lightning courses through the centaur warrior!
The centaur warrior hits you with a staff of poison.
The centaur warrior envenoms you!
You are poisoned.
The centaur warrior barely misses you.
You slash the centaur warrior!
Your headbutt misses the centaur warrior.
You feel sick.
You are no longer poisoned.
The centaur warrior hits you with a staff of poison!
* * * LOW HITPOINT WARNING * * *
The centaur warrior envenoms you.
* * * LOW HITPOINT WARNING * * *
You are poisoned.
The centaur warrior kicks you.
* * * LOW HITPOINT WARNING * * *
You feel yourself speed up.
You feel sick.
The centaur warrior hits you with a staff of poison!
* * * LOW HITPOINT WARNING * * *
The centaur warrior envenoms you!
* * * LOW HITPOINT WARNING * * *
You are more poisoned.
The centaur warrior kicks you but does no damage.
The centaur warrior barely misses you.
The centaur warrior kicks you but does no damage.
It was a potion of attraction.
You feel attractive to monsters.
You feel sick.
The centaur warrior barely misses you. x2
It was a potion of curing.
You feel better.
The centaur warrior hits you with a staff of poison.
* * * LOW HITPOINT WARNING * * *
The centaur warrior envenoms you.
* * * LOW HITPOINT WARNING * * *
You are poisoned.
The centaur warrior kicks you.
* * * LOW HITPOINT WARNING * * *
Blink to where?
As you read the scroll of blinking, it crumbles to dust.
You feel sick.
The centaur warrior is pulled toward you!
You feel sick.
You are no longer poisoned.
The centaur warrior is pulled toward you!
It was a potion of degeneration.
There was something very wrong with that liquid.
You feel weakened.
You feel dopey.
You feel clumsy.
The centaur warrior hits you with a staff of poison!
You die...

##+##.........#.....#
#.............#.....#
#........####.#.....#
#........# .#.....'
#........# #.....#
###.)......####.#......
#......................
#.........#####.#......
#.....@...# # ##+#+#.
#.....c...# #.
#####.....##### ##
..........# #######
##........##.......
#..######..#....... ..
c##.#.......
##.#.#.......
#.)#ยง........


You could see a centaur warrior.

Vanquished Creatures
  Harold (D:7)
  A wyvern (D:7)
  A steam dragon (D:8)
  Edmund (D:6)
  Duvessa (D:6)
  2 water moccasins
  2 orc warriors
  An ice beast (D:7)
  3 necrophages
  An ogre (D:6)
  A centaur (D:8)
  A phantom (D:5)
  A kobold brigand (D:8)
  3 bullfrogs
  9 scorpions
  2 wyvern zombies
  Dowan (D:6)
  2 water moccasin skeletons
  4 wights (D:8)
  5 killer bees (D:7)
  2 howler monkeys (D:6)
  3 centaur zombies (Ossuary)
  A hound (D:7)
  A bullfrog zombie (D:6)
  4 human zombies (Ossuary)
  5 orc priests
  2 bullfrog skeletons
  5 jellies
  Crazy Yiuf (D:6)
  A gnoll shaman (D:8)
  5 orc wizards
  7 scorpion zombies (Ossuary)
  A hound zombie (D:5)
  3 mummies (Ossuary)
  5 gnolls (D:8)
  6 adders
  A shadow imp (D:7)
  A white imp (D:6)
  An ufetubus (D:4)
  3 worms
  2 dart slugs
  19 orcs
  6 endoplasms
  2 giant cockroaches (D:2)
  A gnoll zombie (Ossuary)
  7 goblins
  A hobgoblin (D:2)
  2 jackals (D:3)
  3 kobolds
  2 quokkas (D:2)
  5 ball pythons
  3 bats
  3 frilled lizards (D:2)
  A goblin zombie (Ossuary)
  4 hobgoblin zombies (Ossuary)
  A kobold zombie (Ossuary)
  2 orc zombies (Ossuary)
165 creatures vanquished.

Vanquished Creatures (others)
  A wizard (D:8)
1 creature vanquished.

Grand Total: 166 creatures vanquished

Notes
Turn   | Place    | Note
-------+----------+-------------------------------------------
     0 | D:1      | Lochraine the Minotaur Monk began the quest for the Orb.
     0 | D:1      | Reached XP level 1. HP: 19/19 MP: 0/0
   652 | D:1      | Reached XP level 2. HP: 25/27 MP: 1/1
   971 | D:1      | Found a faded altar of an unknown god.
  1167 | D:2      | Reached skill level 4 in Fighting
  1210 | D:2      | Reached XP level 3. HP: 17/33 MP: 2/2
  2117 | D:3      | Reached XP level 4. HP: 36/41 MP: 3/3
  2865 | D:4      | Found a shadowy altar of Dithmenos.
  2877 | D:4      | Became a worshipper of Dithmenos the Shadowed
  2877 | D:4      | Reached * piety under Dithmenos
  2877 | D:4      | Reached ** piety under Dithmenos
  2885 | D:4      | Reached skill level 5 in Axes
  2935 | D:4      | Noticed a lemure
  2935 | D:4      | Noticed a lemure
  2935 | D:4      | Noticed Pikel
  2935 | D:4      | Noticed a lemure
  2991 | D:4      | Found a white marble altar of Elyvilon.
  3016 | D:5      | Entered Level 5 of the Dungeon
  3027 | D:5      | Reached skill level 5 in Fighting
  3027 | D:5      | Reached XP level 5. HP: 48/48 MP: 4/4
  3027 | D:5      | Found Rotteymn's Assorted Antiques.
  3027 | D:5      | Found Tuapyn's Weapon Boutique.
  3032 | D:5      | Found Lygeneoc's Weapon Boutique.
  3034 | D:5      | Found Qadeeps's Book Boutique.
  3047 | D:5      | Bought a scroll labelled VEMYNEICIU for 29 gold pieces
  3224 | D:5      | Noticed a phantom
  3233 | D:5      | Killed a phantom
  3234 | D:5      | Reached XP level 6. HP: 45/56 MP: 5/5
  3317 | D:5      | Found a sand-covered staircase.
  3322 | Ossuary  | Entered an ossuary
  3444 | Ossuary  | Reached skill level 5 in Dodging
  3444 | Ossuary  | Reached skill level 1 in Invocations
  3719 | Ossuary  | Reached XP level 7. HP: 45/62 MP: 7/7
  3825 | Ossuary  | Reached skill level 6 in Fighting
  4110 | Ossuary  | Reached skill level 1 in Armour
  4272 | Ossuary  | Reached XP level 8. HP: 36/71 MP: 9/9
  4751 | D:5      | Reached *** piety under Dithmenos
  5249 | D:6      | Found a staircase to the Ecumenical Temple.
  5279 | D:6      | Reached skill level 7 in Fighting
  5520 | D:6      | Identified the +0 ring mail of Omission {MP+9 Str+4 Dex-4}
  5580 | D:6      | Noticed Edmund
  5873 | D:6      | Killed Edmund
  5874 | D:6      | Reached XP level 9. HP: 33/79 MP: 11/11
  6404 | D:6      | Found a runed translucent door.
  6404 | D:6      | Noticed Duvessa
  6404 | D:6      | Noticed Dowan
  6408 | D:6      | Killed Duvessa
  6409 | D:6      | Reached skill level 1 in Long Blades
  6413 | D:6      | Killed Dowan
  6421 | D:6      | Noticed Crazy Yiuf
  6426 | D:6      | Killed Crazy Yiuf
  6429 | D:6      | Identified the +2 mace of Gravity {pain, rElec rPois rF-
                  | Stlth+}
  6651 | D:7      | Noticed Harold
  6667 | D:7      | Killed Harold
  7016 | D:7      | Reached skill level 8 in Fighting
  7016 | D:7      | Reached skill level 5 in Armour
  7023 | D:7      | Identified the ring "Buvus" {rN+ Str+7 SInv}
  7275 | D:7      | Reached skill level 5 in Invocations
  7461 | D:7      | Reached skill level 5 in Stealth
  7616 | D:7      | Found Tequigit's Antique Weapon Shop.
  7842 | D:7      | Reached skill level 5 in Long Blades
  7846 | D:7      | Reached **** piety under Dithmenos
  7847 | D:7      | Reached XP level 10. HP: 82/88 MP: 12/12
  8198 | D:8      | Found a bloodstained altar of Trog.
  8400 | D:8      | Found Itiyhiy's Mass Market.
  8501 | D:8      | Identified the +0 leather armour of Autotheism {Fly Str-3
                  | Dex+4}
  8755 | D:8      | Noticed a wizard
  8758 | D:8      | Killed a wizard
  9045 | D:8      | Found a large runed translucent door.
  9045 | D:8      | Found a large runed translucent door.
  9065 | D:8      | Noticed a centaur warrior
  9092 | D:8      | Mangled by a centaur warrior

Illustrated notes

Levels and vault maps discovered:
D:1:      lightli_iron_boxes, layout_loops_corners,
          dreamdust_ecumenical_altar_hidden_monk_grotto
D:2:      layout_rooms
D:3:      layout_loops_ring, minmay_large_rounded_square,
          minmay_misc_feat_alley, grunt_ministairs_15
D:4:      layout_gridville, grunt_dithmenos_smoke_and_mirrors, elyvilon_altar_5,
          minmay_misc_feat_nine_boxes, uniq_pikel
D:5:      layout_rooms, nicolae_ossuary_entry_false_entrances,
          dk_noncrumbling_3, chequers_serial_rivers_small_a,
          minmay_shop_grid_forest
D:6:      layout_loops_cross, minmay_temple_entry_mist, uniq_edmund,
          uniq_crazy_yiuf_cottage, uniq_duvessa
D:7:      layout_layer_cave, serial_shops, nicolae_diamond_shop, uniq_harold
D:8:      layout_basic, trog_wizard, minmay_shop_mass,
          minmay_hollow_rounded_squares

Skill      XL: |  1  2  3  4  5  6  7  8  9 10 |
---------------+-------------------------------+-----
Axes           | 4 5 6 7 |  7.4
Fighting       | 4 5 6 7 8 |  8.6
Dodging        | 4 5 6 7 |  7.8
Stealth        | 2 3 4 5 |  5.4
Invocations    | 1 3 4 5 |  5.5
Armour         | 2 4 5 |  5.9
Long Blades    | 5 6 |  6.0

Action                   |  1- 3 |  4- 6 |  7- 9 | 10-12 || total
-------------------------+-------+-------+-------+-------++-------
Melee: Hand axe          |    85 |   134 |   213 |       ||   432
       Headbutt          |    18 |    20 |    77 |    17 ||   132
       Long sword        |       |       |    55 |    56 ||   111
Evoke: Wand              |       |       |     3 |       ||     3
  Use: Scroll            |     4 |       |     7 |     2 ||    13
       Potion            |       |       |     5 |     4 ||     9
 Stab: Sleeping          |     1 |       |     5 |     1 ||     7
       Distracted        |       |     1 |     1 |     2 ||     4
Armor: Ring mail         |    19 |    32 |    46 |     2 ||    99
       Robe              |     1 |       |       |       ||     1
       Leather armour    |       |       |       |     5 ||     5
Dodge: Dodged            |    42 |    92 |   154 |    64 ||   352
       Rpst.: Long sword |       |       |    15 |    16 ||    31
